 Dungeon Crawl Stone Soup version 0.28-a0-224-g76b539d98b (webtiles) character file.

Game seed: 1936646921517578915

52 Spaninq the Slasher (level 3, -2/28 HPs)
             Began as a Demonspawn Warper on Aug 21, 2021.
             Frozen to death by an endoplasm (4 damage)
             ... on level 2 of the Dungeon.
             The game lasted 00:03:11 (1976 turns).

Spaninq the Slasher (Demonspawn Warper)             Turns: 1976, Time: 00:03:12

Health: -2/28      AC:  7    Str: 12    XL:     3   Next: 60%
Magic:  6/6        EV:  9    Int: 14    God:
Gold:   106        SH:  0    Dex: 12    Spells: 4/6 levels left

rFire   . . .      SeeInvis .   a - +0 falchion
rCold   . . .      Faith    .   (no shield)
rNeg    . . .      Spirit   .   g - +0 scale mail
rPois   .          Reflect  .   e - +0 helmet
rElec   .          Harm     .   (no cloak)
rCorr   .          Rampage  .   (no gloves)
Will    .....                   (no boots)
Stlth   ..........              (no amulet)
HPRegen 0.09/turn               (no ring)
MPRegen 0.10/turn               (no ring)

@: brilliant
A: ignite blood 1
a: no special abilities


You were on level 2 of the Dungeon.
You visited 1 branch of the dungeon, and saw 2 of its levels.

You collected 106 gold pieces.

Inventory:

Hand Weapons
 a - a +0 falchion (weapon)
Missiles
 d - 5 boomerangs of dispersal (quivered)
Armour
 e - a +0 helmet (worn)
 g - a +0 scale mail (worn)
Scrolls
 b - a scroll of vulnerability {unknown}
 c - a scroll of blinking
 f - a scroll of enchant weapon {unknown}
 i - a scroll of enchant armour {unknown}


   Skills:
 + Level 2.6 Fighting
 * Level 2.8 Long Blades
 - Level 0.8 Throwing
 + Level 1.6 Armour
 - Level 1.7 Dodging
 - Level 2.0 Spellcasting
 - Level 2.6 Translocations


You had 4 spell levels left.
You knew the following spells:

 Your Spells              Type           Power      Damage    Failure   Level
a - Blink                 Tloc           N/A        N/A       52%         2

Your spell library contained the following spells:

 Spells                   Type           Power      Damage    Failure   Level
 Gell's Gravitas          Tloc           6%         N/A       77%         3
 Lesser Beckoning         Tloc           6%         N/A       77%         3
 Teleport Other           Tloc           13%        N/A       77%         3
 Corpse Rot               Necr/Air       N/A        N/A       88%         2
 Dispel Undead            Necr           2%         3d7       100%        4
 Manifold Assault         Tloc           13%        N/A       100%        5
 Death Channel            Necr           1%         N/A       100%        6


Dungeon Overview and Level Annotations

Branches:
Dungeon (2/15)

Altars:

Shops:
D:2 =


Innate Abilities, Weirdness & Mutations

Your demonic aura sometimes causes spilled blood to erupt in flames.


Message History

The worm is heavily wounded.
The worm bites you.
You hit the worm but do no damage.
The worm is heavily wounded.
The worm closely misses you.
You hit the worm.
The worm is severely wounded.
The endoplasm hits you but does no damage.
The endoplasm misses you.
You riposte.
You hit the endoplasm but do no damage. You hit the worm.
The worm is almost dead.
The worm bites you.
You hit the worm.
The worm is almost dead.
The endoplasm freezes you.
You are frozen.
The worm bites you but does no damage.
You hit the endoplasm.
The endoplasm is heavily wounded.
The endoplasm barely misses you.
You hit the endoplasm.
The endoplasm is almost dead.
The endoplasm freezes you.
You are frozen.
* * * LOW HITPOINT WARNING * * *
You hit the endoplasm but do no damage.
The endoplasm is almost dead.
The endoplasm freezes you.
You are frozen.
* * * LOW HITPOINT WARNING * * *
The endoplasm freezes you.
You are frozen.
* * * LOW HITPOINT WARNING * * *
It was a potion of brilliance.
You feel clever all of a sudden. The endoplasm barely misses you.
You hit the endoplasm but do no damage.
The endoplasm is almost dead.
The endoplasm freezes you.
You are frozen.
You die...

#..# ##.## #.... #...## #..#
#...# ##.#..# #.## #..#..
#..##.####.#####.###.
#.###.#...)†.....# ## #.#
#....######### # #.# #....#
# #######.###..### #
##...w....J@..######### .##
##..###....##..........#
..###..####.#.###..........#
...##w#.......# #..........#
......#.###.### #..........#
....###.#...# #..........#
....# #...### #..........#
...## #### #..........# ..##
#..........#


You could see a worm and an endoplasm.

Vanquished Creatures
  A gnoll (D:1)
  3 dart slugs
  3 endoplasms
  A giant cockroach (D:2)
  4 hobgoblins
  4 jackals (D:1)
  3 kobolds
  A quokka (D:2)
  3 ball pythons (D:2)
  2 bats
  2 frilled lizards (D:1)
  4 goblins
  2 rats
33 creatures vanquished.

Notes
Turn   | Place    | Note
-------+----------+-------------------------------------------
     0 | D:1      | Spaninq the Demonspawn Warper began the quest for the Orb.
     0 | D:1      | Reached XP level 1. HP: 16/16 MP: 3/3
    69 | D:1      | Reached skill level 1 in Armour
   289 | D:1      | Gained mutation: Your demonic aura sometimes causes spilled
                  | blood to erupt in flames. [demonic ancestry]
   289 | D:1      | Reached XP level 2. HP: 14/22 MP: 5/5
  1100 | D:1      | Reached XP level 3. HP: 14/28 MP: 6/6
  1250 | D:1      | Learned a level 2 spell: Blink
  1631 | D:2      | Found Alimmil's Jewellery Shoppe.
  1709 | D:2      | Found a faded altar of an unknown god.
  1962 | D:2      | HP: 1/28 [frozen (4)]
  1976 | D:2      | Frozen to death by an endoplasm

Illustrated notes

Levels and vault maps discovered:
D:1:      minmay_arrival_hallway, layout_basic
D:2:      layout_rooms, serial_shops, shop, basic_ecumenical_altar

Skill      XL: |  1 |
---------------+----+-----
Armour         | 1 |  1.6
Long Blades    | 2 |  2.8
Fighting       | |  2.6
Throwing       | |  0.8
Dodging        | |  1.7
Spellcasting   | |  2.0
Translocations | |  2.6

Action                   || total
-------------------------++-------
Melee: Falchion          ||   124
  Use: Potion            ||     1
 Stab: Sleeping          ||     1
Armor: Leather armour    ||    15
       Scale mail        ||    32
Dodge: Dodged            ||    66
       Rpst.: Falchion   ||    14

Table legend: (Time is in decaauts)
 A = Elapsed time spent in this place.
 B = Non-inter-level travel time spent in this place.
 C = Inter-level travel time spent in this place.
 D = Time resting spent in this place.
 E = Time spent auto-exploring this place.
 F = Levels seen in this place.
 G = Mean time per level.
                   A        B        C        D        E       F      G
               +--------+--------+--------+--------+--------+-----+--------+
         Total |   1997 |   1977 |     20 |    386 |   1228 |   2 |  998.5 |
       Dungeon |   1997 |   1977 |     20 |    386 |   1228 |   2 |  998.5 |
               +--------+--------+--------+--------+--------+-----+--------+

Top non-repeatable levels by time:
     D:1: 1453 daAuts
     D:2: 544 daAuts
